 Dungeon Crawl Stone Soup version 0.28.0-62-gf88900778d (webtiles) character file.

Game seed: 3297741045901960593

1581 cbfl8 the Cleaver (level 8, 0/70 HPs)
             Began as a Minotaur Berserker on June 22, 2023.
             Was a Priest of Trog.
             Slain by an orc
             ... wielding a +0 short sword
              (1 damage)
             ... on level 5 of the Dungeon.
             The game lasted 00:05:10 (6869 turns).

cbfl8 the Cleaver (Minotaur Berserker)              Turns: 6869, Time: 00:05:10

Health: 0/70       AC: 10    Str: 21    XL:     8   Next: 60%
Magic:  7/7        EV:  9    Int:  4    God:    Trog [***...]
Gold:   242        SH:  0    Dex: 13    Spells: 7/7 levels left

rFire   . . .      SeeInvis .   a - +0 hand axe
rCold   . . .      Faith    +   (no shield)
rNeg    . . .      Spirit   .   h - +0 chain mail
rPois   .          Reflect  .   i - +0 hat
rElec   .          Harm     .   (no cloak)
rCorr   .          Rampage  .   (no gloves)
Will    .....                   (no boots)
Stlth   ..........              o - amulet of faith
HPRegen 0.21/turn               (no ring)
MPRegen 0.10/turn               (no ring)

@: on berserk cooldown, slowed, very slow
A: horns 2, retaliatory headbutt
a: Renounce Religion, Berserk, Trog's Hand


You were on level 5 of the Dungeon.
You worshipped Trog.
Trog was most pleased with you.
You visited 1 branch of the dungeon, and saw 5 of its levels.
You also visited: Sewer.

You collected 242 gold pieces.

Inventory:

Hand Weapons
 a - a +0 hand axe (weapon)
Armour
 h - a +0 chain mail (worn)
 i - a +0 hat (worn)
Jewellery
 o - an amulet of faith (around neck)
Wands
 n - a wand of flame (15)
 v - a wand of acid (6)
Scrolls
 b - a scroll of silence {unknown}
 c - a scroll of enchant weapon {unknown}
 e - a scroll of amnesia
 f - a scroll of magic mapping
 g - a scroll of noise {unknown}
 j - 2 scrolls of enchant armour {unknown}
 k - 2 scrolls of teleportation {unknown}
 l - 2 scrolls of vulnerability
 m - 2 scrolls of identify
 q - a scroll of brand weapon {unknown}
 u - a scroll of fog {unknown}
Potions
 d - a potion of magic {unknown}
 p - a potion of degeneration {unknown}
 r - a potion of mutation {unknown}
 s - a potion of resistance {unknown}


   Skills:
 + Level 5.9 Fighting
 + Level 8.6 Axes
 + Level 6.7 Armour
 + Level 3.3 Dodging
 + Level 0.7 Stealth
 * Level 4.4 Evocations


You had 7 spell levels left.
You didn't know any spells.
Your spell library was empty.

Dungeon Overview and Level Annotations

Branches:
Dungeon (5/15)             Temple (0/1) D:5           Sewer (visited)

Altars:
Cheibriados
Zin

Annotations:
D:4 2 runed translucent doors, sigtrap's ghost, amateur GnCK
D:5 Dowan; Duvessa


Innate Abilities, Weirdness & Mutations

You have a pair of horns on your head.
You reflexively headbutt those who attack you in melee.


Message History

As you read the scroll labelled TYUZUA PIC DOY, it crumbles to dust.
It is a scroll of amnesia.
You feel forgetful for a moment. The orc hits you with a +0 short sword.
* * * LOW HITPOINT WARNING * * *
The orc hits you with a +0 short sword.
* * * LOW HITPOINT WARNING * * *
Okay, then.
Okay, then.
It was a potion of heal wounds.
You feel much better.
Duvessa hits you with a +8 vampiric short sword.
Dowan gestures wildly while chanting.
Dowan blinks!
Duvessa hits you with a +8 vampiric short sword.
* * * LOW HITPOINT WARNING * * *
Duvessa draws strength from your wounds!
You feel much better.
Your skin stops crawling.
You feel less strong-willed.
Duvessa says, "My weaknesses are his strengths!"
Duvessa hits you with a +8 vampiric short sword.
The orc hits you but does no damage.
Duvessa hits you with a +8 vampiric short sword!
Duvessa draws strength from your wounds!
The orc hits you but does no damage. The orc barely misses you.
Duvessa barely misses you.
As you read the scroll labelled HIAFEL NIOMAPIUNA, it crumbles to dust.
It is a scroll of identify.
l - 2 scrolls of vulnerability Duvessa hits you with a +8 vampiric short sword!
* * * LOW HITPOINT WARNING * * *
The orc closely misses you. You furiously retaliate!
You headbutt the orc, but do no damage. The orc hits you but does no damage.
Duvessa closely misses you. You furiously retaliate!
You headbutt Duvessa, but do no damage. The orc hits you with a +0 hand axe.
* * * LOW HITPOINT WARNING * * *
Okay, then.
Okay, then.
Duvessa hits you with a +8 vampiric short sword!
* * * LOW HITPOINT WARNING * * *
The orc hits you with a +0 short sword.
You die...

,,,,,,,........###..#............
**,,**,........#................<
**,*,*,,.........##.##≈≈≈≈≈##....
*,,,,,,#.##...e...#.##≈≈≈≈≈##....
*,,,*,,*#...........≈≈.....≈≈....
**,,*,,,,,,,,#......≈≈.....≈≈....
*,,,,,,**,,,*#.#...........≈≈...÷
,,**,,,,,,,,*###oe..≈≈.≈.(.≈≈....
,,,,,,,,,,*,,*##@o#.≈≈.....≈≈....
,,*,,,,****,,,#>..#.##≈≈.≈≈##....
,,**,,,* **,,###..≈##≈≈.≈≈##≈#.#
,****,,* *,,,*#.............###
****************#..####........#
,,,,,,,,,,,,,,,,#..#####.....#.##
,*,,,*,,,*,,,*,,#....##..##.##.##
,,,,,,,,,,,,,,,_#.......######.##
,*,,,*,,,*,,,*,,#......## #..#.


You could see Duvessa (fast), Dowan (strong) and 2 orcs.

Vanquished Creatures
  A water moccasin (Sewer)
  An ice beast (D:4)
  2 black bears (D:4)
  A necrophage (D:4)
  3 ogres (D:4)
  A bullfrog (D:4)
  4 scorpions
  A howler monkey (D:4)
  A bullfrog zombie (D:5)
  A hound (D:5)
  An orc priest (D:5)
  2 centaur skeletons (D:5)
  A jelly (D:4)
  An iguana (D:4)
  An orc wizard (D:3)
  Natasha (thrice) (D:3)
  A hound zombie (D:4)
  A hound skeleton (D:4)
  7 adders
  A river rat (D:5)
  3 worms
  2 dart slugs
  16 orcs
  6 ball pythons
  12 endoplasms
  4 giant cockroaches
  2 goblins
  9 hobgoblins
  6 jackals
  9 kobolds
  7 quokkas
  7 bats
  4 frilled lizards
  7 rats
129 creatures vanquished.

Notes
Turn   | Place    | Note
-------+----------+-------------------------------------------
     0 | D:1      | cbfl8 the Minotaur Berserker began the quest for the Orb.
     0 | D:1      | Reached XP level 1. HP: 19/19 MP: 0/0
   186 | D:1      | Reached skill level 4 in Axes
   186 | D:1      | Reached XP level 2. HP: 27/27 MP: 1/1
   423 | D:1      | Found a faded altar of an unknown god.
   570 | D:1      | Reached ** piety under Trog
   902 | D:1      | Reached XP level 3. HP: 31/33 MP: 2/2
  1187 | D:2      | Reached skill level 1 in Evocations
  1534 | D:2      | Reached XP level 4. HP: 39/40 MP: 3/3
  2633 | D:3      | Found a snail-covered altar of Cheibriados.
  2659 | D:3      | Reached skill level 5 in Axes
  3053 | D:3      | Reached XP level 5. HP: 46/46 MP: 4/4
  3057 | D:3      | Noticed Natasha
  3062 | D:3      | Killed Natasha
  3110 | D:3      | Noticed Natasha
  3122 | D:3      | Killed Natasha
  3237 | D:3      | Noticed Natasha
  3245 | D:3      | Killed Natasha
  3850 | D:4      | Noticed an ice beast
  3851 | D:4      | Reached *** piety under Trog
  3855 | D:4      | Reached skill level 6 in Axes
  3855 | D:4      | Reached XP level 6. HP: 53/53 MP: 5/5
  3857 | D:4      | Killed an ice beast
  3992 | D:4      | Found a glowing silver altar of Zin.
  4048 | D:4      | Reached XP level 7. HP: 27/60 MP: 6/6
  4050 | D:4      | Found a runed translucent door.
  4394 | D:4      | Noticed sigtrap's ghost (amateur GnCK)
  4424 | D:4      | Reached skill level 7 in Axes
  4424 | D:4      | Reached skill level 5 in Armour
  4527 | D:4      | Reached skill level 5 in Fighting
  5089 | D:4      | Reached XP level 8. HP: 13/68 MP: 7/7
  5824 | D:4      | Found a runed translucent door.
  5920 | D:5      | Entered Level 5 of the Dungeon
  5949 | D:5      | Reached skill level 8 in Axes
  6047 | D:5      | Found a glowing drain.
  6084 | Sewer    | Entered a sewer
  6844 | D:5      | Noticed Duvessa
  6845 | D:5      | Noticed Dowan
  6859 | D:5      | HP: 5/105 [Duvessa/+8 vampiric short sword (12)]
  6865 | D:5      | HP: 3/70 [orc/+0 short sword (2)]
  6869 | D:5      | HP: 1/70 [Duvessa/+8 vampiric short sword (11)]
  6869 | D:5      | Slain by an orc

Illustrated notes

Levels and vault maps discovered:
D:1:      minmay_arrival_jagged, layout_loops_ring,
          ebering_ecumenical_altar_rust, minmay_heptomino_h4
D:2:      minmay_skewed_foursquare, layout_basic, serial_rivers,
          chequers_serial_rivers_micro_b, chequers_serial_rivers_micro_a,
          chequers_serial_rivers_micro_d, chequers_serial_rivers_micro_a
D:3:      layout_rooms, cheibriados_altar_1, uniq_natasha
D:4:      layout_basic, kennysheep_little_box, ebering_ghost_sewer_f,
          minmay_pentomino_pile
D:5:      layout_cave_pools, lemuel_coloured_pillars_altar,
          minmay_temple_entry_glass, cheibrodos_sewer_entry_sluice, uniq_duvessa

Skill      XL: |  1  2  3  4  5  6  7  8 |
---------------+-------------------------+-----
Axes           | 4 5 6 7 8 |  8.6
Fighting       | 4 5 |  5.9
Armour         | 3 4 5 6 |  6.7
Evocations     | 1 2 3 4 |  4.4
Dodging        | 3 |  3.3
Stealth        | |  0.7

Action                   |  1- 3 |  4- 6 |  7- 9 || total
-------------------------+-------+-------+-------++-------
Melee: Hand axe          |   108 |   118 |   142 ||   368
       Headbutt          |    13 |    15 |    29 ||    57
       Punch             |     1 |     1 |     1 ||     3
Invok: Berserk           |       |     3 |     5 ||     8
       Trog's Hand       |       |       |     2 ||     2
  Use: Scroll            |       |       |     3 ||     3
       Potion            |       |       |     2 ||     2
Armor: Animal skin       |     3 |       |       ||     3
       Ring mail         |    31 |       |       ||    31
       Chain mail        |       |    57 |    78 ||   135
Dodge: Dodged            |    78 |    48 |    69 ||   195
